 Dungeon Crawl Stone Soup version 0.14-a0-2340-g8df0fbc (webtiles) character file.

349 Herrn the Skirmisher (level 5, -5/44 HPs)
             Began as a Djinni Fighter on Jan 30, 2014.
             Slain by a killer bee (7 damage)
             ... on Level 3 of the Dungeon.
             The game lasted 00:12:21 (2237 turns).

Herrn the Skirmisher (Djinni Fighter)               Turns: 2237, Time: 00:12:21

HP  -5/44        AC 10     Str 17      XL: 5   Next: 88%
MP   0/0         EV  6     Int 13      God:
Gold 99          SH 18     Dex 13      Spells:  0 memorised,  4 levels left

rFire  + + +     SeeInvis .     p - +1,+2 hammer
rCold  x . .     Clarity  +     b - +0 scale mail
rNeg   + + +     Conserve .     c - +0 shield
rPois  +         rCorr    .     (no helmet)
rElec  +         rRot     .     n - +0 cloak
SustAb . .       Spirit   .     o - +1 pair of elf gloves
rMut   .         Warding  .     (boots unavailable)
Saprov . . .     Stasis   .     j - amulet of clarity
MR     .....                    (no ring)
                                t - ring of fire

@: brilliant, flying, mildly poisoned, not resistant to hostile enchantments,
extremely unstealthy
A: fire immunity, cold vulnerability, life protection 3
a: no special abilities


You were on level 3 of the Dungeon.
You were not hungry.

You visited 1 branch of the dungeon, and saw 3 of its levels.

You collected 99 gold pieces.

Inventory:

Hand weapons
 a - a +0,+1 mace
 p - a +1,+2 hammer (weapon)
 s - a +0,+2 whip
 u - a +0,+0 hammer
Armour
 b - a +0 scale mail (worn)
 c - a +0 shield (worn)
 n - a +0 cloak (worn)
 o - a +1 pair of elven gloves (worn)
Scrolls
 e - a scroll of curse weapon {unknown}
 f - a scroll of noise {unknown}
 g - a scroll of fear {unknown}
 h - a scroll of remove curse {unknown}
 k - 3 scrolls of identify {unknown}
 l - a scroll of recharging {unknown}
 m - a scroll of enchant weapon II
 r - a scroll of curse jewellery {unknown}
 w - a scroll of fog {unknown}
Jewellery
 j - an amulet of clarity (around neck)
 t - a ring of fire (left hand)
Potions
 d - a potion of brilliance


   Skills:
 * Level 5.1 Fighting
 + Level 4.0 Maces & Flails
 - Level 3.2 Armour
 - Level 3.0 Shields


You had 4 spell levels left.
You didn't know any spells.

Dungeon Overview and Level Annotations

Branches:
Dungeon (3/16)

Altars:
Dithmengos


Innate Abilities, Weirdness & Mutations

You are immune to all types of fire, even holy and hellish.
You are vulnerable to cold.
You need no food.
You have no legs.
You are immune to negative energy.


Message History

* * * LOW HITPOINT WARNING * * *
You feel sick. You block the killer bee's attack. The killer bee stings you.
* * * LOW HITPOINT WARNING * * *
You hit the killer bee.
The killer bee is lightly wounded.
You block the killer bee's attack. The killer bee stings you!
* * * LOW HITPOINT WARNING * * *
You miss the killer bee.
The killer bee is lightly wounded.
* * * LOW HITPOINT WARNING * * *
You feel sick. The killer bee barely misses you.
You block the killer bee's attack. The killer bee barely misses you.
You sock the killer bee!
The killer bee is severely wounded.
You block the killer bee's attack.
The killer bee stings you but does no damage.
You barely miss the killer bee.
The killer bee is severely wounded.
The killer bee stings you!
You die...

#####...#.....# #.# #
#########...#.....########.####
..........................>....
#########...#.....#############
#####...#.....# #
######...#...#.....# #
#...............#### #
######...######.# # #...# #@# #
##### #k# #


#kr # #... #...! #.#.## #.#.# #.#$# #.# You could see 2 killer bees and a rat.

Vanquished Creatures
  A killer bee (D:3)
  Crazy Yiuf (D:2)
  An orc priest (D:3)
  An orc wizard (D:3)
  4 adders (D:2)
  3 gnolls (D:2)
  A giant mite (D:2)
  A giant gecko (D:1)
  3 orcs (D:3)
  4 giant cockroaches
  8 goblins
  4 hobgoblins
  3 kobolds
  An ooze (D:1)
  A quokka (D:2)
  14 bats
  A giant newt (D:2)
  10 rats
62 creatures vanquished.

Notes
Turn   | Place    | Note
--------------------------------------------------------------
     0 | D:1      | Herrn, the Djinni Fighter, began the quest for the Orb.
     0 | D:1      | Reached XP level 1. HP: 16/16 MP: 0/0
   197 | D:1      | Reached XP level 2. EP: 23/23
   676 | D:2      | Reached XP level 3. EP: 10/29
  1152 | D:2      | Reached skill level 4 in Fighting
  1152 | D:2      | Reached XP level 4. EP: 27/37
  1191 | D:2      | Noticed Crazy Yiuf
  1208 | D:2      | Killed Crazy Yiuf
  1442 | D:2      | Found a shadowy altar of Dithmengos.
  1467 | D:2      | Reached XP level 5. EP: 33/43
  2155 | D:3      | Reached skill level 5 in Fighting
  2235 | D:3      | HP: 2/44 [poison (a potion of poison)]
  2237 | D:3      | Slain by a killer bee

Action                   |  1- 3 |  4- 6 || total
-------------------------+-------+-------++-------
Melee: Mace              |   116 |       ||   116
       Hammer            |    34 |   132 ||   166
  Use: Scroll            |     2 |       ||     2
       Potion            |       |     6 ||     6
